[Event "RUS Cup Final Men 2019"]
[Site "Khanty-Mansiysk"]
[Date "2019.12.06"]
[Round "1.2"]
[White "Savchenko, Boris"]
[Black "Kryakvin, Dmitry"]
[Result "0-1"]
[ECO "D38"]
[WhiteElo "2577"]
[BlackElo "2596"]
[Annotator "RC"]
[PlyCount "114"]
[EventDate "2019.12.05"]
[EventType "k.o."]
[EventCountry "RUS"]
[SourceTitle "playchess.com"]
[Source "ChessBase"]
[SourceQuality "1"]
[TimeControl "5400+30"]

1. Nf3 Nf6 2. c4 e6 3. Nc3 d5 4. d4 Bb4 5. Bg5 h6 6. Bxf6 Qxf6 7. Qa4+ Nc6 8. a3 Bxc3+ 9. bxc3 O-O 10. e3 a6 11. cxd5 exd5 12. Be2 Qg6 13. O-O Bh3 14. Ne1 Rfd8 15. c4 dxc4 16. Qxc4 Bf5 17. Rc1 Rac8 18. Qc5 Rd6 19. f3 Nxd4 20. Bc4 Nc6 21. e4 Be6 22. Nd3 b6 23. Qe3 Bxc4 24. Nf4 Qg5 25. Rxc4 Rcd8 26. h4 Qxh4 27. Rcc1 Qg5 28. Rfe1 Ne5 29. Nd5 Qxe3+ 30. Rxe3 c5 31. Rb3 Nd7 32. a4 Kf8 33. Rcb1 Rb8 34. g4 Rc6 35. Kf2 c4 36. R3b2 Nc5 37. Ke3 Nb3 38. Rc2 Rc5 39. a5 bxa5 40. Rbb2 Ke8 41. Ra2 Kd7 42. Ra4 Kd6 43. f4 f6 44. Raa2 Rxd5 45. exd5 Kxd5 46. Ra4 Re8+ 47. Kf2 Re4 48. Kg3 Rd4 49. Kf3 c3 50. Ra3 Kc4 51. Ke3 Rd3+ 52. Ke4 Nc5+ 53. Kf5 Kb4 54. Ra1 Nb3 55. Rg1 Rd2 56. Rxd2 cxd2 57. Kg6 a4 0-1

[Event "RUS Cup Final Men 2019"]
[Site "Khanty-Mansiysk"]
[Date "2019.12.07"]
[Round "2.1"]
[White "Sjugirov, Sanan"]
[Black "Goganov, Aleksey"]
[Result "1/2-1/2"]
[ECO "A06"]
[WhiteElo "2665"]
[BlackElo "2581"]
[Annotator "ChessBase"]
[PlyCount "104"]
[EventDate "2019.12.05"]
[EventType "k.o."]
[EventCountry "RUS"]
[SourceTitle "playchess.com"]
[Source "ChessBase"]
[SourceQuality "1"]
[TimeControl "5400+30"]

1. Nf3 d5 2. g3 g6 3. Bg2 Bg7 4. d4 Nf6 5. O-O O-O 6. c4 dxc4 7. Na3 c5 8. dxc5 c3 9. Nb5 Na6 10. Nxc3 Nxc5 11. Be3 Nfe4 12. Nxe4 Nxe4 13. Nd4 Nd6 14. Rc1 Bd7 15. Qd2 Rc8 16. Rxc8 Qxc8 17. Rc1 Qb8 18. Bg5 Re8 19. Nb3 Bb5 20. Na5 Bf6 21. Bxf6 exf6 22. e3 Rc8 23. Rd1 b6 24. Nb3 Nc4 25. Qb4 Be8 26. Nd4 Qd6 27. Qc3 Bd7 28. b3 Ne5 29. Qd2 Qe7 30. h3 Kg7 31. f4 Nc6 32. Nb5 Nb8 33. Nd6 Rc7 34. e4 Bc6 35. Qd4 Nd7 36. b4 Nf8 37. e5 fxe5 38. Qxe5+ Qxe5 39. fxe5 Ne6 40. Rc1 Bd7 41. Rf1 Nd8 42. Bd5 Rc3 43. g4 Rxh3 44. Nxf7 Rg3+ 45. Kh2 Rd3 46. Bc4 Rd2+ 47. Kg3 Be6 48. Bxe6 Nxe6 49. Nd6 Rxa2 50. Rf7+ Kg8 51. Rb7 Ra3+ 52. Kf2 Nf4 1/2-1/2

[Event "RUS Cup Final Men 2019"]
[Site "Khanty-Mansiysk"]
[Date "2019.12.07"]
[Round "2.1"]
[White "Kokarev, Dmitry"]
[Black "Chigaev, Maksim"]
[Result "1/2-1/2"]
[ECO "C88"]
[WhiteElo "2606"]
[BlackElo "2631"]
[Annotator "ChessBase"]
[PlyCount "89"]
[EventDate "2019.12.05"]
[EventType "k.o."]
[EventCountry "RUS"]
[SourceTitle "playchess.com"]
[Source "ChessBase"]
[SourceQuality "1"]
[TimeControl "5400+30"]

1. e4 e5 2. Nf3 Nc6 3. Bb5 a6 4. Ba4 Nf6 5. O-O Be7 6. Re1 b5 7. Bb3 d6 8. a4 Bg4 9. c3 O-O 10. h3 Bh5 11. d3 Na5 12. Ba2 c5 13. Bg5 b4 14. Bxf6 Bxf6 15. Nbd2 Rb8 16. Bd5 Bg5 17. Nf1 Bxf3 18. Qxf3 g6 19. Qe2 Kg7 20. Nh2 Qb6 21. Nf3 Bf6 22. Qe3 bxc3 23. bxc3 Qb2 24. Rec1 Qb6 25. g3 Qc7 26. Rcb1 Rb6 27. h4 h6 28. Kg2 h5 29. Nd2 Rfb8 30. Qe1 Qd7 31. Rxb6 Rxb6 32. Rb1 Rxb1 33. Qxb1 Bd8 34. Qc2 Bf6 35. Nf3 Bd8 36. Qa2 Qe8 37. Nd2 Qd7 38. Nf1 Qe8 39. Ne3 Qd7 40. Qb2 Qxa4 41. Qb8 Qd7 42. Qa8 c4 43. Bxc4 Nxc4 44. Nxc4 Bxh4 45. Qxa6 1/2-1/2

[Event "RUS Cup Final Men 2019"]
[Site "Khanty-Mansiysk"]
[Date "2019.12.07"]
[Round "2.1"]
[White "Kryakvin, Dmitry"]
[Black "Sarana, Alexey"]
[Result "0-1"]
[ECO "B53"]
[WhiteElo "2596"]
[BlackElo "2663"]
[Annotator "ChessBase"]
[PlyCount "92"]
[EventDate "2019.12.05"]
[EventType "k.o."]
[EventCountry "RUS"]
[SourceTitle "playchess.com"]
[Source "ChessBase"]
[SourceQuality "1"]
[TimeControl "5400+30"]

1. e4 c5 2. Nf3 d6 3. d4 cxd4 4. Qxd4 Nf6 5. Bg5 Nc6 6. Bb5 Bd7 7. Bxc6 Bxc6 8. Nc3 e6 9. O-O-O Be7 10. Qd3 h6 11. Bh4 Rc8 12. Nd4 a6 13. Rhe1 O-O 14. f4 Qc7 15. f5 Nh7 16. Qg3 Rfe8 17. Bxe7 Qxe7 18. fxe6 fxe6 19. e5 d5 20. h4 Rf8 21. Re3 Rf7 22. Rf3 Rcf8 23. Rdf1 Rxf3 24. gxf3 Rf7 25. f4 Nf8 26. Rf2 Qc5 27. Rd2 Be8 28. Qg4 Bd7 29. Nce2 Kh7 30. h5 Qe7 31. Rd1 Qc5 32. Ng1 b5 33. Ngf3 Kg8 34. Nh4 b4 35. Kb1 a5 36. f5 exf5 37. Qf4 Ne6 38. Nxe6 Bxe6 39. Ng2 d4 40. Rxd4 Rd7 41. Rxd7 Qg1+ 42. Qc1 Bxa2+ 43. Kxa2 Qxc1 44. Nh4 Qxc2 45. Rd8+ Kf7 46. Ng6 b3+ {[%emt 0:00:20] e6+ Kxe6+} 0-1

[Event "RUS Cup Final Men 2019"]
[Site "Khanty-Mansiysk"]
[Date "2019.12.07"]
[Round "2.1"]
[White "Volkov, Sergey"]
[Black "Pogosyan, Stefan"]
[Result "1-0"]
[ECO "E15"]
[WhiteElo "2578"]
[BlackElo "2459"]
[Annotator "ChessBase"]
[PlyCount "91"]
[EventDate "2019.12.05"]
[EventType "k.o."]
[EventCountry "RUS"]
[SourceTitle "playchess.com"]
[Source "ChessBase"]
[SourceQuality "1"]
[TimeControl "5400+30"]

1. d4 Nf6 2. Nf3 e6 3. c4 b6 4. g3 Ba6 5. Qa4 Bb7 6. Bg2 c5 7. O-O cxd4 8. Nxd4 Bxg2 9. Kxg2 Qc8 10. Rd1 Be7 11. Nc3 O-O 12. e4 Nc6 13. Nxc6 Qxc6 14. Qxc6 dxc6 15. e5 Ng4 16. Re1 Bc5 17. Re2 Bd4 18. Re4 Bxc3 19. bxc3 f5 20. exf6 Nxf6 21. Rxe6 Rae8 22. Rxe8 Rxe8 23. c5 Re1 24. cxb6 axb6 25. c4 c5 26. Bb2 Re2 27. Bxf6 gxf6 28. Rb1 Re6 29. Kf3 Kf7 30. a4 Rd6 31. Ke3 Rd4 32. Rxb6 Rxc4 33. a5 Kg6 34. a6 Ra4 35. Rc6 h5 36. h4 Ra2 37. f3 Ra4 38. Kd3 Ra3+ 39. Kc4 Rxf3 40. Rxc5 Rxg3 41. Ra5 Re3 42. a7 Re8 43. a8=Q Rxa8 44. Rxa8 Kf5 45. Kd3 Kg4 46. Ke4 1-0

[Event "RUS Cup Final Men 2019"]
[Site "Khanty-Mansiysk"]
[Date "2019.12.08"]
[Round "2.2"]
[White "Sarana, Alexey"]
[Black "Kryakvin, Dmitry"]
[Result "1-0"]
[ECO "B32"]
[WhiteElo "2663"]
[BlackElo "2596"]
[Annotator "ChessBase"]
[PlyCount "107"]
[EventDate "2019.12.05"]
[EventType "k.o."]
[EventCountry "RUS"]
[SourceTitle "playchess.com"]
[Source "ChessBase"]
[SourceQuality "1"]
[TimeControl "5400+30"]

1. e4 c5 2. Nf3 Nc6 3. d4 cxd4 4. Nxd4 Qb6 5. Nb3 Nf6 6. Nc3 e6 7. Be3 Qc7 8. Bd3 Be7 9. f4 d6 10. Qf3 O-O 11. g4 Nb4 12. g5 Nd7 13. h4 b6 14. Nd4 Nc5 15. Rd1 Bb7 16. a3 Nbxd3+ 17. cxd3 f5 18. Qh3 Rf7 19. exf5 exf5 20. O-O Bf8 21. b4 Nb3 22. Nce2 Nxd4 23. Bxd4 Re8 24. Rc1 Qd7 25. Nc3 Qe6 26. Rb1 Rfe7 27. Kf2 g6 28. h5 gxh5 29. Rfe1 Qf7 30. Bf6 Rxe1 31. Rxe1 Rxe1 32. Kxe1 Bc8 33. Ne2 h6 34. Ng3 Qe6+ 35. Kf2 hxg5 36. fxg5 Qa2+ 37. Ne2 Qf7 38. Nf4 Qa2+ 39. Ne2 Qf7 40. Nf4 Qa2+ 41. Kg3 Qf7 42. Qh4 Qe8 43. Kf2 Bb7 44. g6 Bh6 45. Qxh5 Qc6 46. Qxh6 Qf3+ 47. Ke1 Qe3+ 48. Kd1 Bf3+ 49. Kc2 Qf2+ 50. Kb1 Qe1+ 51. Ka2 Qd2+ 52. Bb2 Bd5+ 53. Nxd5 Qxh6 54. Ne7+ 1-0

[Event "RUS Cup Final Men 2019"]
[Site "Khanty-Mansiysk"]
[Date "2019.12.08"]
[Round "2.2"]
[White "Chigaev, Maksim"]
[Black "Kokarev, Dmitry"]
[Result "1/2-1/2"]
[ECO "B90"]
[WhiteElo "2631"]
[BlackElo "2606"]
[Annotator "ChessBase"]
[PlyCount "80"]
[EventDate "2019.12.05"]
[EventType "k.o."]
[EventCountry "RUS"]
[SourceTitle "playchess.com"]
[Source "ChessBase"]
[SourceQuality "1"]
[TimeControl "5400+30"]

1. e4 c5 2. Nf3 d6 3. d4 cxd4 4. Nxd4 Nf6 5. Nc3 a6 6. Bd3 e5 7. Nde2 Be7 8. O-O O-O 9. Ng3 g6 10. Bc4 Be6 11. Nd5 Nbd7 12. Nxe7+ Qxe7 13. Bd3 d5 14. Bg5 Qb4 15. exd5 Nxd5 16. b3 Nc5 17. c4 Nf4 18. Bc2 f6 19. Bxf4 exf4 20. Ne4 Rad8 21. Qe1 Qxe1 22. Rfxe1 Nxe4 23. Bxe4 b5 24. Bc6 Bd7 25. Bd5+ Kg7 26. c5 Bc8 27. Rad1 b4 28. c6 f5 29. Re7+ Kf6 30. Rxh7 Be6 31. Bf3 Rxd1+ 32. Bxd1 Rd8 33. Bf3 Rd2 34. h4 Rxa2 35. Ra7 Bxb3 36. c7 Be6 37. Bd5 Ra1+ 38. Kh2 Bd7 39. Bc6 Be6 40. Bd5 Bd7 1/2-1/2

[Event "RUS Cup Final Men 2019"]
[Site "Khanty-Mansiysk"]
[Date "2019.12.08"]
[Round "2.2"]
[White "Goganov, Aleksey"]
[Black "Sjugirov, Sanan"]
[Result "0-1"]
[ECO "D37"]
[WhiteElo "2581"]
[BlackElo "2665"]
[Annotator "ChessBase"]
[PlyCount "78"]
[EventDate "2019.12.05"]
[EventType "k.o."]
[EventCountry "RUS"]
[SourceTitle "playchess.com"]
[Source "ChessBase"]
[SourceQuality "1"]
[TimeControl "5400+30"]

1. d4 Nf6 2. c4 e6 3. Nf3 d5 4. Nc3 Nbd7 5. Bf4 Bb4 6. cxd5 exd5 7. e3 Ne4 8. Qb3 c5 9. Rc1 Qa5 10. a3 Bxc3+ 11. bxc3 O-O 12. Be2 Nb6 13. dxc5 Qxc5 14. O-O Be6 15. Qb4 Rfc8 16. Be5 Qxb4 17. cxb4 Nc4 18. Bxc4 dxc4 19. Nd4 Bd7 20. f3 f6 21. fxe4 fxe5 22. Nf5 Bxf5 23. Rxf5 a5 24. Rxe5 axb4 25. axb4 Ra2 26. Rc5 Rd8 27. R5xc4 Rdd2 28. Rc8+ Kf7 29. R8c7+ Kg6 30. Rxb7 Rxg2+ 31. Kf1 Rxh2 32. Kg1 Rag2+ 33. Kf1 Rb2 34. Kg1 h5 35. Rc6+ Kh7 36. e5 Rhg2+ 37. Kf1 Rgd2 38. Rc1 h4 39. e6 Rh2 0-1

[Event "RUS Cup Final Men 2019"]
[Site "Khanty-Mansiysk"]
[Date "2019.12.08"]
[Round "2.2"]
[White "Pogosyan, Stefan"]
[Black "Volkov, Sergey"]
[Result "1-0"]
[ECO "D15"]
[WhiteElo "2459"]
[BlackElo "2578"]
[Annotator "ChessBase"]
[PlyCount "117"]
[EventDate "2019.12.05"]
[EventType "k.o."]
[EventCountry "RUS"]
[SourceTitle "playchess.com"]
[Source "ChessBase"]
[SourceQuality "1"]
[TimeControl "5400+30"]

1. d4 d5 2. c4 c6 3. Nc3 Nf6 4. Nf3 a6 5. g3 Bf5 6. Bg2 e6 7. O-O Nbd7 8. Nh4 Bg4 9. f3 Bh5 10. g4 Ng8 11. gxh5 Qxh4 12. cxd5 cxd5 13. e4 Ngf6 14. exd5 Nxd5 15. Nxd5 exd5 16. Qe1+ Be7 17. Qxh4 Bxh4 18. Bf4 Ke7 19. Rac1 Rhc8 20. Bc7 Nf8 21. f4 Ne6 22. Bb6 Rxc1 23. Rxc1 Nxf4 24. Rc7+ Kd6 25. Rxf7 Nxg2 26. Kxg2 Kc6 27. Bc5 Rg8 28. Kh3 Bg5 29. Bf8 g6 30. h6 Be3 31. Bg7 Re8 32. Kg3 b5 33. b3 b4 34. h4 a5 35. Ra7 Kb6 36. Rd7 Kc6 37. Rf7 Kb6 38. Be5 Bxh6 39. Rxh7 Bd2 40. Rd7 Be1+ 41. Kg4 Rc8 42. Rd6+ Kb7 43. Rxg6 Rc2 44. h5 Bd2 45. h6 Bxh6 46. Rxh6 Rxa2 47. Kf5 Ra3 48. Ke6 Rxb3 49. Kxd5 Rc3 50. Bd6 b3 51. Bc5 a4 52. Rb6+ Kc7 53. Rb5 Rc2 54. Ba3 Ra2 55. Bd6+ Kd7 56. Rb4 Kc8 57. Ke6 Re2+ 58. Be5 b2 59. Rb8# 1-0

[Event "RUS Cup Final Men 2019"]
[Site "Khanty-Mansiysk"]
[Date "2019.12.08"]
[Round "2.3"]
[White "Kokarev, Dmitry"]
[Black "Chigaev, Maksim"]
[Result "0-1"]
[ECO "C88"]
[WhiteElo "2606"]
[BlackElo "2631"]
[Annotator "ChessBase"]
[PlyCount "126"]
[EventDate "2019.12.05"]
[EventType "k.o."]
[EventCountry "RUS"]
[SourceTitle "playchess.com"]
[Source "ChessBase"]
[SourceQuality "1"]
[TimeControl "5400+30"]

1. e4 e5 2. Nf3 Nc6 3. Bb5 a6 4. Ba4 Nf6 5. O-O Be7 6. Re1 b5 7. Bb3 d6 8. a4 Bg4 9. c3 O-O 10. h3 Bh5 11. d3 Na5 12. Ba2 b4 13. cxb4 Nc6 14. Bd2 Bxf3 15. Qxf3 Rb8 16. b5 axb5 17. axb5 Nd4 18. Qd1 Rxb5 19. Bc3 Rb8 20. Nd2 Nb5 21. Ba5 Qd7 22. Nc4 Bd8 23. Bd2 c6 24. Bb3 Bb6 25. Bg5 Kh8 26. Ra6 Bc5 27. Bxf6 gxf6 28. Qf3 Qe7 29. Ba4 Nd4 30. Qh5 Rg8 31. Bxc6 Rg5 32. Qd1 Nxc6 33. Rxc6 Qd7 34. Rxc5 Qxh3 35. g3 Rxg3+ 36. fxg3 Qxg3+ 37. Kf1 Rg8 38. Qd2 Qh3+ 39. Ke2 Rg2+ 40. Kd1 Rxd2+ 41. Kxd2 dxc5 42. Ne3 h5 43. Rf1 Qh2+ 44. Ke1 h4 45. Rxf6 Qg3+ 46. Ke2 h3 47. Nf1 Qg4+ 48. Ke1 c4 49. dxc4 Qxe4+ 50. Kd1 Qxc4 51. Rf2 Qg4+ 52. Ke1 f5 53. Re2 Qf4 54. b3 Kg7 55. Rh2 Qb4+ 56. Kf2 Qxb3 57. Kg1 Kf6 58. Rf2 f4 59. Kh2 Kf5 60. Kg1 Qb6 61. Ng3+ Kg4 62. Nh1 Qe3 63. Kh2 Qg3+ 0-1

[Event "RUS Cup Final Men 2019"]
[Site "Khanty-Mansiysk"]
[Date "2019.12.08"]
[Round "2.3"]
[White "Pogosyan, Stefan"]
[Black "Volkov, Sergey"]
[Result "0-1"]
[ECO "D31"]
[WhiteElo "2459"]
[BlackElo "2578"]
[Annotator "ChessBase"]
[PlyCount "70"]
[EventDate "2019.12.05"]
[EventType "k.o."]
[EventCountry "RUS"]
[SourceTitle "playchess.com"]
[Source "ChessBase"]
[SourceQuality "1"]
[TimeControl "5400+30"]

1. d4 d5 2. c4 e6 3. Nc3 c6 4. e3 Bd6 5. Bd3 f5 6. Nge2 Nf6 7. f3 O-O 8. Qc2 Na6 9. a3 dxc4 10. Bxc4 b5 11. Bb3 b4 12. Na4 bxa3 13. bxa3 Qc7 14. Qxf5 Kh8 15. Qc2 e5 16. Bb2 Rb8 17. Bc4 exd4 18. Nxd4 Re8 19. e4 Nc5 20. Nxc5 Bxc5 21. Nb3 Bb6 22. a4 a5 23. Qc3 Nd5 24. Bxd5 cxd5 25. Rc1 Qxc3+ 26. Bxc3 dxe4 27. Bd4 exf3+ 28. Kf2 fxg2 29. Rhe1 Bxd4+ 30. Nxd4 Rb2+ 31. Kg3 Rf8 32. Rc2 Rxc2 33. Nxc2 Bb7 34. Ne3 Rf3+ 35. Kh4 g5+ 0-1

[Event "RUS Cup Final Men 2019"]
[Site "Khanty-Mansiysk"]
[Date "2019.12.08"]
[Round "2.4"]
[White "Volkov, Sergey"]
[Black "Pogosyan, Stefan"]
[Result "0-1"]
[ECO "E46"]
[WhiteElo "2578"]
[BlackElo "2459"]
[Annotator "ChessBase"]
[PlyCount "136"]
[EventDate "2019.12.05"]
[EventType "k.o."]
[EventCountry "RUS"]
[SourceTitle "playchess.com"]
[Source "ChessBase"]
[SourceQuality "1"]
[TimeControl "5400+30"]

1. d4 Nf6 2. c4 e6 3. Nc3 Bb4 4. e3 O-O 5. Nge2 d5 6. a3 Be7 7. Nf4 c6 8. b4 Bd6 9. Bb2 b6 10. c5 Bc7 11. Nd3 Ba6 12. Be2 Nbd7 13. O-O bxc5 14. bxc5 Bxd3 15. Bxd3 e5 16. h3 Rb8 17. Rb1 Qe7 18. Qa4 e4 19. Be2 Qe6 20. Qxa7 Rfc8 21. Qa4 Ra8 22. Qc2 h5 23. Bc1 Ra7 24. Rb3 h4 25. Bd2 Rca8 26. a4 Ba5 27. Ra1 g5 28. Qd1 Ne8 29. Rb2 f5 30. Nb1 Nef6 31. Bxa5 Rxa5 32. Nc3 f4 33. Bg4 Nxg4 34. Qxg4 Qxg4 35. hxg4 fxe3 36. fxe3 Nf6 37. Rb6 R5a6 38. Rf1 Nxg4 39. Rf5 Nxe3 40. Rxg5+ Kf7 41. Rb7+ Kf6 42. Rh5 Nf5 43. Rb6 Kg6 44. Nxd5 Kxh5 45. Nc7 Rxb6 46. cxb6 Rxa4 47. d5 cxd5 48. Nxd5 Nd6 49. Kh2 Ra3 50. Nf4+ Kg5 51. Ne6+ Kg4 52. Nc7 Rb3 53. Nd5 Nc4 54. Nf6+ Kf5 55. Nd5 Nxb6 56. Ne7+ Kg4 57. Ng8 Nd5 58. Nh6+ Kg5 59. Nf7+ Kf6 60. Nd6 Ke5 61. Nc4+ Kd4 62. Nd6 Ne3 63. Kh3 Rb2 64. Kxh4 Rxg2 65. Nb5+ Ke5 66. Na7 Rc2 67. Nb5 Rc5 68. Na7 Kd4 0-1

[Event "RUS Cup Final Men 2019"]
[Site "Khanty-Mansiysk"]
[Date "2019.12.11"]
[Round "4.1"]
[White "Sjugirov, Sanan"]
[Black "Sarana, Alexey"]
[Result "1-0"]
[ECO "E10"]
[WhiteElo "2665"]
[BlackElo "2663"]
[Annotator "RC"]
[PlyCount "191"]
[EventDate "2019.12.05"]
[EventType "k.o."]
[EventCountry "RUS"]
[SourceTitle "playchess.com"]
[Source "ChessBase"]
[SourceQuality "1"]
[TimeControl "5400+30"]

1. d4 Nf6 2. c4 e6 3. Nf3 d5 4. g3 Bb4+ 5. Bd2 Be7 6. Bg2 c6 7. O-O O-O 8. Qb3 a5 9. Rd1 Nbd7 10. Bf4 Nh5 11. Bc1 f5 12. Qc2 Bd6 13. b3 Qe7 14. Bb2 b6 15. e3 Bb7 16. Ne5 Nhf6 17. Nxd7 Nxd7 18. Nc3 Rac8 19. Na4 Ba6 20. Nxb6 Nxb6 21. c5 Bxc5 22. dxc5 Nd7 23. Rac1 Ra8 24. Qd2 Rfb8 25. e4 fxe4 26. Bxe4 a4 27. b4 Nf6 28. Bg2 e5 29. Re1 e4 30. f3 a3 31. Bxa3 Bf1 32. Rxf1 Rxa3 33. fxe4 dxe4 34. Rce1 Qe5 35. Rf4 Qd5 36. Qxd5+ cxd5 37. Rc1 Ne8 38. Rcf1 Nf6 39. Rc1 Ne8 40. Bh3 Nc7 41. Rcf1 e3 42. b5 e2 43. Re1 g5 44. b6 Na6 45. Rf5 Rxa2 46. Rxg5+ Kh8 47. c6 Rxb6 48. Be6 h6 49. Rg8+ Kh7 50. Bxd5 Rd2 51. Rd8 Kg7 52. Kf2 Nc7 53. Rd7+ Kf6 54. Rf7+ Kg6 55. Rxc7 Rxd5 56. Rxe2 Rc5 57. Re6+ Kf5 58. Rxh6 Rc2+ 59. Ke3 Rb3+ 60. Kd4 Rbc3 61. Rf7+ Kg5 62. Rd6 Rc4+ 63. Kd5 Rc5+ 64. Ke6 Rxc6 65. Rxc6 Rxc6+ 66. Ke5 Rc4 67. h4+ Kg6 68. Rf6+ Kh5 69. Rf4 Rc3 70. Rf5+ Kh6 71. Kf4 Rc4+ 72. Kf3 Kg6 73. Rf4 Rc1 74. Kg4 Rc5 75. Re4 Rc1 76. h5+ Kf7 77. Rf4+ Kg7 78. Kg5 Rc5+ 79. Rf5 Rc6 80. g4 Ra6 81. Rc5 Ra7 82. h6+ Kh7 83. Kh5 Ra1 84. Rc7+ Kh8 85. g5 Ra8 86. Rf7 Kg8 87. Rf5 Ra1 88. Kg6 Ra8 89. Rf6 Rb8 90. Re6 Rf8 91. Kh5 Ra8 92. Re5 Ra1 93. Rc5 Ra2 94. Rc8+ Kf7 95. g6+ Kf6 96. Rf8+ 1-0